 Dungeon Crawl Stone Soup version 0.29.1-2-gbd0b4ee654 (webtiles) character file.

Game seed: 9525394674469291307

42 tevo3000 the Ducker (level 3, -4/17 HPs)
             Began as a Felid Monk on Nov 28, 2022.
             Killed from afar by Natasha (11 damage)
             ... with a magic dart
             ... on level 2 of the Dungeon.
             The game lasted 00:01:58 (1592 turns).

tevo3000 the Ducker (Felid Monk)                    Turns: 1592, Time: 00:01:59

Health: -4/17      AC:  1    Str:  7    XL:     3   Next: 33%
Magic:  4/4        EV: 20    Int: 11    God:
Gold:   45         SH:  0    Dex: 20    Spells: 2/2 levels left
                                        Lives:  0   Deaths: 0

rFire   . . .      SeeInvis +     - Unarmed
rCold   . . .      Faith    .   (shield unavailable)
rNeg    . . .      Spirit   .   (body armour unavailable)
rPois   .          Reflect  .   (helmet unavailable)
rElec   .          Harm     .   (cloak unavailable)
rCorr   .          Rampage  .   (gloves unavailable)
Will    .....                   (boots unavailable)
Stlth   ++........              (no amulet)
HPRegen 0.05/turn               (no ring)
MPRegen 0.09/turn               (no ring)

@: quick
A: very small, claws 1, fangs 3, see invisible, speed 1, shaggy fur 1, stealthy
paws, no weapons or thrown items, no armour, multi-lived
a: no special abilities


You were on level 2 of the Dungeon.
You visited 1 branch of the dungeon, and saw 2 of its levels.

You collected 45 gold pieces.

Inventory:

Scrolls
 c - a scroll of identify {unknown}
 d - a scroll of butterflies {unknown}
Potions
 a - a potion of ambrosia
 b - a potion of haste {unknown}
 e - a potion of curing {unknown}


   Skills:
 - Level 3.0 Fighting
 * Level 5.4 Dodging
 - Level 2.6 Stealth
 + Level 3.5 Unarmed Combat


You had 2 spell levels left.
You didn't know any spells.
Your spell library was empty.

Dungeon Overview and Level Annotations

Branches:
Dungeon (2/15)

Altars:

Annotations:
D:2 Natasha


Innate Abilities, Weirdness & Mutations

You have sharp claws.
You have razor-sharp teeth.
You have supernaturally acute eyesight. (SInv)
You cover ground quickly. (Speed+)
You are covered in fur. (AC +1)
Your paws help you pounce on unaware monsters.
You are incapable of wielding weapons or throwing items.
You cannot wear armour.
You gain extra lives every three experience levels.


Message History

You scratch the adder.
You kill the adder!
You claw the ball python!
You kill the ball python!
Things that are here:
a ball python corpse; an adder corpse The ball python completely misses you.
The ball python misses you.
You scratch the ball python. Your bite misses the ball python.
The ball python is severely wounded.
The ball python misses you. The ball python closely misses you.
The ball python completely misses you. x2
You scratch the ball python.
You kill the ball python!
You see here a ball python corpse.
You start resting.
HP restored.
Things that are here:
a ball python corpse; an adder corpse
There is a stone staircase leading up here.
A ball python comes into view.
The ball python hisses angrily.
The ball python misses you. The ball python barely misses you.
You barely miss the ball python. You bite the ball python.
You kill the ball python!
Natasha, Servant of Life and Death comes into view.
Things that are here:
9 gold pieces; a ball python corpse You barely miss Natasha.
Natasha claws you.
You scratch Natasha.
Natasha is lightly wounded.
Natasha misses you.
You closely miss Natasha.
Natasha is lightly wounded.
Natasha claws you.
You scratch Natasha but do no damage.
Natasha is lightly wounded.
Natasha stares at you and mumbles some strange words.
The magic dart hits you!
Ouch! That really hurt!
You die...

#..........#
#..........#
#..........#
#..........#
#..$.......#
#..........#
#..........
#..........
#..@.......
#..h.......
#..........
#..........
#..........
#..........
#..........
#..........


You could see Natasha.

Vanquished Creatures
  An adder (D:2)
  7 bats (D:1)
  3 endoplasms (D:1)
  2 goblins (D:1)
  4 hobgoblins (D:1)
  A quokka (D:1)
  4 ball pythons
  2 frilled lizards (D:1)
  4 kobolds (D:1)
  5 rats
33 creatures vanquished.

Notes
Turn   | Place    | Note
-------+----------+-------------------------------------------
     0 | D:1      | tevo3000 the Felid Monk began the quest for the Orb.
     0 | D:1      | Reached XP level 1. HP: 10/10 MP: 2/2
   231 | D:1      | Reached XP level 2. HP: 6/14 MP: 3/3
   926 | D:1      | Found a faded altar of an unknown god.
   984 | D:1      | Reached skill level 5 in Dodging
  1287 | D:1      | Reached XP level 3. HP: 16/17 MP: 4/4
  1584 | D:2      | Noticed Natasha
  1592 | D:2      | Killed from afar by Natasha

Illustrated notes

Levels and vault maps discovered:
D:1:      sevenhm_arrival_forest_fort_small_3, layout_basic,
          basic_ecumenical_altar
D:2:      layout_basic, uniq_natasha

Skill      XL: |  1  2 |
---------------+-------+-----
Dodging        | 5 |  5.4
Fighting       | |  3.0
Stealth        | |  2.6
Unarmed Combat | |  3.5

Action                   || total
-------------------------++-------
Melee: Unarmed           ||    75
       Bite              ||     9
       Punch             ||     2
 Stab: Sleeping          ||     1
Armor: Skin              ||    14
Dodge: Dodged            ||    78
